 Dungeon Crawl Stone Soup version 0.19.1 (webtiles) character file.

156 ChaseSP the Insei (level 5, -7/33 HPs)
             Began as an Octopode Transmuter on Dec 2, 2016.
             Mangled by sepiko's ghost (10 damage)
             ... on level 3 of the Dungeon.
             The game lasted 00:04:21 (2000 turns).

ChaseSP the Insei (Octopode Transmuter)             Turns: 2000, Time: 00:04:22

Health: -7/33      AC:  1    Str: 10    XL:     5   Next: 37%
Magic:  8/8        EV: 13    Int: 15    God:
Gold:   88         SH:  0    Dex: 15    Spells: 3 memorised, 2 levels left

rFire  . . .     SeeInvis .       - Unarmed
rCold  . . .     Gourm    .     (no shield)
rNeg   . . .     Faith    .     (helmet restricted)
rPois  .         Spirit   .     (no amulet)
rElec  .         Reflect  .     g - ring of protection from magic
rCorr  .         Harm     .     f - +2 ring of dexterity
MR     +....                    (no ring)
Stlth  ++........               (no ring)
                                (no ring)
                                (no ring)
                                (no ring)
                                (no ring)

@: appendage
A: almost no armour, stealthy swim, amphibious, 8 rings, constrict 8, tentacle
spike 3, camouflage 1, gelatinous body 1
a: End Transformation


You were on level 3 of the Dungeon.
You were hungry.
One of your tentacles had a temporary spike.
You visited 1 branch of the dungeon, and saw 3 of its levels.

You collected 88 gold pieces.

Inventory:

Missiles
 a - 12 arrows
Jewellery
 f - a +2 ring of dexterity (right tentacle)
 g - a ring of protection from magic (left tentacle)
Scrolls
 d - 2 scrolls of identify {unknown}
 e - a scroll of random uselessness {unknown}
 j - a scroll of teleportation {unknown}
Potions
 i - a potion of agility {unknown}
 l - a potion of haste {unknown}
Books
 b - a book of Changes

   Spells                             Type                      Level
   a - Beastly Appendage              Transmutation                1
   b - Sticks to Snakes               Transmutation                2
   c - Spider Form                    Transmutation/Poison         3
   d - Ice Form                       Ice/Transmutation            4
   e - Blade Hands                    Transmutation                5
Comestibles
 c - a bread ration
 h - a beef jerky
 k - a meat ration


   Skills:
 - Level 1.0 Fighting
 - Level 2.0 Dodging
 * Level 5.0 Unarmed Combat
 - Level 2.0 Spellcasting
 + Level 3.2 Transmutations
 - Level 1.3 Poison Magic


You had 2 spell levels left.
You knew the following spells:

 Your Spells              Type           Power        Failure   Level  Hunger
a - Beastly Appendage     Tmut           ##....       8%          1    #......
b - Sticks to Snakes      Tmut           ##......     12%         2    ###....
c - Spider Form           Tmut/Pois      #.........   30%         3    ###....


Dungeon Overview and Level Annotations

Branches:
Dungeon (3/15)

Altars:
Fedhas
Kikubaaqudgha
Makhleb
Ru

Annotations:
D:3 sepiko's ghost, amateur DrAK


Innate Abilities, Weirdness & Mutations

You cannot wear most types of armour.
You are very stealthy in the water. (Stealth+)
You are amphibious.
You can wear up to eight rings at the same time.
You can use your tentacles to constrict eight enemies at once.
Your skin changes colour to match your surroundings (Stealth+).
Your rubbery body absorbs attacks. (AC +1, EV +1)
One of your tentacles bears a large vicious spike.


Message History

Sepiko's ghost hits you!
* * * LOW HITPOINT WARNING * * *
You closely miss sepiko's ghost.
Sepiko's ghost is heavily damaged.
Sepiko's ghost closely misses you.
You barely miss sepiko's ghost.
You pierce sepiko's ghost, but do no damage.
Your squeeze misses sepiko's ghost.
Sepiko's ghost is heavily damaged.
Sepiko's ghost closely misses you.
Unknown command.
You tentacle-slap sepiko's ghost but do no damage.
Sepiko's ghost is heavily damaged.
Sepiko's ghost hits you.
* * * LOW HITPOINT WARNING * * *
You tentacle-slap sepiko's ghost.
You pierce sepiko's ghost, but do no damage.
Sepiko's ghost is heavily damaged.
Sepiko's ghost hits you!
You die...

...............#########
##..#.########## ....#.#
...##.# #####.# #####.#
############ ......####
#..?..?....# ####.....#
#..........# #.....#
#....@W....#
#.....###..........+
#.........######'###
#.........# #
####(.....# #......#
#..)...# #......#
#......#


You could see sepiko's ghost.

Vanquished Creatures
  An orc wizard (D:2)
  Jessica (D:2)
  2 adders (D:2)
  An ooze (D:1)
  4 worms (D:2)
  3 dart slugs
  2 leopard geckos
  2 ball pythons
  3 giant cockroaches
  11 goblins
  8 hobgoblins
  5 kobolds
  A quokka (D:2)
  10 bats
  4 frilled lizards
  4 rats
62 creatures vanquished.

Notes
Turn   | Place    | Note
-------+----------+-------------------------------------------
     0 | D:1      | ChaseSP the Octopode Transmuter began the quest for the Orb.
     0 | D:1      | Reached XP level 1. HP: 13/13 MP: 3/3
   104 | D:1      | Reached XP level 2. HP: 15/18 MP: 5/5
   262 | D:1      | Reached XP level 3. HP: 11/23 MP: 6/6
   456 | D:1      | Learned a level 2 spell: Sticks to Snakes
   460 | D:1      | Learned a level 3 spell: Spider Form
   687 | D:2      | Noticed Jessica
   691 | D:2      | Killed Jessica
   691 | D:2      | Reached skill level 4 in Unarmed Combat
   691 | D:2      | Reached skill level 1 in Poison Magic
   691 | D:2      | Reached XP level 4. HP: 28/28 MP: 5/7
   988 | D:2      | Found an ancient bone altar of Kikubaaqudgha.
  1130 | D:2      | Found a burning altar of Makhleb.
  1225 | D:2      | Found a blossoming altar of Fedhas.
  1322 | D:2      | Found a sacrificial altar of Ru.
  1332 | D:2      | Reached XP level 5. HP: 32/33 MP: 8/8
  1600 | D:2      | Reached skill level 5 in Unarmed Combat
  1987 | D:3      | Noticed sepiko's ghost (amateur DrAK)
  2000 | D:3      | Mangled by sepiko's ghost

Skill      XL: |  1  2  3  4  5 |
---------------+----------------+-----
Unarmed Combat | 4 5 |  5.0
Poison Magic   | 1 |  1.3
Transmutations | 3 |  3.2
Fighting       | |  1.0
Dodging        | |  2.0
Spellcasting   | |  2.0

Action                   |  1- 3 |  4- 6 || total
-------------------------+-------+-------++-------
Melee: Unarmed           |    50 |    98 ||   148
       Tentacles         |    11 |    14 ||    25
       Constrict         |    11 |    22 ||    33
       Kick              |     2 |     4 ||     6
       Punch             |     1 |       ||     1
 Cast: Beastly Appendage |     2 |     2 ||     4
 Stab: Sleeping          |     7 |     7 ||    14
       Paralysed         |       |     1 ||     1
  Eat: Chunk             |       |     3 ||     3
Armor: Skin              |     3 |     2 ||     5
Dodge: Dodged            |    32 |    57 ||    89
